 Dungeon Crawl Stone Soup version 0.31-a0-806-g0bc164a743 (webtiles) character file.

Game seed: 6127752852451104903

814 lunkers the Grappler (level 8, -6/59 HPs)
             Began as a Meteoran Shapeshifter on Sept 20, 2023.
             Mangled by an ogre
             ... wielding a +0 giant club
              (11 damage)
             ... on level 5 of the Dungeon.
             The game lasted 00:06:07 (1893 turns).

lunkers the Grappler (Meteoran Shapeshifter)        Turns: 1893, Time: 00:06:08

Health: -6/59      AC:  2    Str: 22    XL:     8   Next: 38%
Magic:  9/9        EV: 12    Int: 12    God:
Gold:   181        SH:  0    Dex: 15    Spells: 7/7 levels left

rFire   . .          .
                       - Unarmed
rCold   . . .        (no shield)
rNeg    . . .        a - +0 animal skin
rPois   .            (helmet currently unavailable)
rElec   .            (cloak currently unavailable)
rCorr   .            (gloves currently unavailable)
SInv    .            (boots currently unavailable)
Will    +....        (no amulet)
Stlth   +            r - +6 ring of strength
HPRegen 0.29/turn    (no ring)
MPRegen 0.11/turn

%: no passive effects
@: beast-form, glowing
A: beast (slay +3), sense surroundings 1, otherworldly, glowing, explore regen
a: Begin Untransformation


You were on level 5 of the Dungeon.
You were a hulking beast.
You visited 1 branch of the dungeon, and saw 5 of its levels.

You collected 181 gold pieces.

Inventory:

Armour
 a - a +0 animal skin (worn)
Jewellery
 r - a +6 ring of strength (left hand)
 s - a ring of flight
Talismans
 c - a beast talisman (active)
 d - a flux talisman
 p - a dragon-blood talisman
Wands
 q - a wand of flame (15)
 u - a wand of polymorph (6)
Scrolls
 f - a scroll of enchant weapon {unknown}
 h - a scroll of fear {unknown}
 i - 4 scrolls of teleportation {unknown}
 l - a scroll of butterflies {unknown}
 m - a scroll of amnesia {unknown}
 v - 2 scrolls of fog {unknown}
Potions
 b - a potion of lignification
 e - 3 potions of resistance
 g - a potion of magic
 j - a potion of heal wounds
 k - a potion of berserk rage {unknown}
 n - a potion of might {unknown}
 o - a potion of attraction {unknown}
 t - a potion of ambrosia {unknown}
 w - a potion of cancellation {unknown}


   Skills:
 - Level 1.1 Fighting
 - Level 2.1 Dodging
 * Level 9.2 Unarmed Combat
 + Level 6.5 Shapeshifting


You had 7 spell levels left.
You didn't know any spells.
Your spell library contained the following spells:

 Spells                   Type           Power      Damage    Failure   Level
 Summon Small Mammal      Summ           0%         N/A       32%         1
 Call Canine Familiar     Summ           0%         N/A       69%         3
 Hailstorm                Conj/Ice       0%         3d3       69%         3
 Summon Guardian Golem    Hex/Summ       0%         N/A       69%         3
 Olgreb's Toxic Radiance  Pois           0%         N/A       97%         4
 Summon Ice Beast         Ice/Summ       0%         N/A       97%         4
 Simulacrum               Ice/Necr       0%         N/A       100%        6
 Discord                  Hex            0%         N/A       100%        8
 Ignition                 Fire           0%         3d3       100%        8


Dungeon Overview and Level Annotations

Branches:
Dungeon (5/15) Zot: 1135
 Temple: D:4-7

Altars:
Kikubaaqudgha

Annotations:
D:4 1 runed translucent door, Age's ghost, weakling MiFi


Innate Abilities, Weirdness & Mutations

You are a hulking beast.
Your limbs bulge with bestial killing power. (Slay +3)
You passively map a small area around you.
You are easily found by Zot.
You glow in the dark.
You regain HP and MP as you explore.


Message History

The orc wizard is lightly wounded.
The orc wizard hits you with a +0 dagger.
You punch the orc wizard!
The orc wizard is severely wounded.
The orc wizard hits you with a +0 dagger.
You hit the orc wizard.
The orc wizard is almost dead.
The orc wizard gestures wildly while chanting.
The orc wizard flickers and vanishes!
Deactivating autopickup; reactivate with Ctrl-A.
You closely miss something. You miss something. Something hits you.
You punch something!
Reactivating autopickup.
You feel a bit more experienced.
You see here a +0 flail.
An ogre comes into view. It is wielding a +0 giant club.
Things that are here:
a fizzy white potion; a scroll labelled FYIMUISULU
v - 2 scrolls labelled FYIMUISULU (gained 1)
w - a fizzy white potion The ogre shouts!
Found a potion of heal wounds.
The ogre hits you with a +0 giant club!!
* * * LOW HITPOINT WARNING * * *
You hit the ogre.
The ogre is lightly wounded.
The ogre barely misses you.
You punch the ogre!
The ogre is heavily wounded.
You barely miss the ogre.
The ogre is heavily wounded.
The ogre hits you with a +0 giant club!!
* * * LOW HITPOINT WARNING * * *
You barely miss the ogre.
The ogre is heavily wounded.
You hit the ogre.
The ogre is severely wounded.
The ogre hits you with a +0 giant club!
You die...

..#*#..<.......# *
...#.).)......# ,
..##.#).....<.....
,
......)..........#
,
).##.#.).........#
, #.#............,
, , ,
#.............. ,
#............## *
* #...h.....#..#
#.....O......#..#
,
####............#,
, , #............
* ,#............ *
, #............ ,
#...........
,,#.......!... + *
,


You could see an ogre.

Vanquished Creatures
  2 ogres (D:5)
  4 scorpions (D:4)
  A howler monkey (D:5)
  A hound (D:2)
  A jelly (D:5)
  A sleepcap (D:4)
  An iguana (D:4)
  4 orc wizards
  5 adders
  3 gnolls (D:3)
  A worm (D:3)
  4 dart slugs (D:1)
  6 orcs
  7 endoplasms
  3 giant cockroaches
  8 goblins
  6 hobgoblins
  6 jackals (D:1)
  5 ball pythons
  7 bats
  4 frilled lizards (D:1)
  5 kobolds
  3 rats
88 creatures vanquished.

Notes
Turn   | Place    | Note
-------+----------+-------------------------------------------
     0 | D:1      | lunkers the Meteoran Shapeshifter began the quest for the
                  | Orb.
     0 | D:1      | Reached XP level 1. HP: 16/16 MP: 2/2
   104 | D:1      | Reached XP level 2. HP: 13/23 MP: 3/3
   141 | D:1      | Reached skill level 4 in Unarmed Combat
   156 | D:1      | HP: 1/23 [dart slug (3)]
   171 | D:1      | Reached XP level 3. HP: 5/28 MP: 4/4
   506 | D:1      | Glimpsed the power of Zot.
   542 | D:2      | Identified the +9 dagger "Todesu" {holy, Fly rN+ Int-2}
   549 | D:2      | Reached XP level 4. HP: 35/35 MP: 5/5
   599 | D:2      | Reached skill level 5 in Unarmed Combat
   622 | D:2      | Reached XP level 5. HP: 40/40 MP: 6/6
  1025 | D:3      | Found an ancient bone altar of Kikubaaqudgha.
  1252 | D:3      | Reached skill level 6 in Unarmed Combat
  1304 | D:4      | Reached XP level 6. HP: 47/47 MP: 7/7
  1397 | D:4      | Reached skill level 5 in Shapeshifting
  1556 | D:4      | Found a runed translucent door.
  1556 | D:4      | Noticed Age's ghost (weakling MiFi)
  1634 | D:4      | Reached skill level 7 in Unarmed Combat
  1716 | D:4      | Reached XP level 7. HP: 43/52 MP: 8/8
  1745 | D:4      | Reached skill level 8 in Unarmed Combat
  1829 | D:5      | Entered Level 5 of the Dungeon
  1839 | D:5      | Reached XP level 8. HP: 55/59 MP: 9/9
  1858 | D:5      | Reached skill level 9 in Unarmed Combat
  1893 | D:5      | Mangled by an ogre

Illustrated notes

Levels and vault maps discovered:
D:1:      tarquinn_simple_flora_water_d, layout_loops_corners,
          minmay_misc_feat_plants, minmay_heptomino_o4
D:2:      layout_basic, grunt_decor_mini_mirrors
D:3:      layout_basic, kiku_gazebo_garden_becter
D:4:      old_forge, layout_cave_pods, hellmonk_ghost_happy_afterlife
D:5:      layout_rooms, chequers_temple_overflow_minitemple,
          minmay_temple_entry_from_below_a, gammafunk_ghost_split,
          nicolae_shop_self_help, uniq_blork_the_orc

Skill      XL: |  1  2  3  4  5  6  7  8 |
---------------+-------------------------+-----
Unarmed Combat | 4 5 6 7 8 9 |  9.2
Shapeshifting  | 4 5 6 |  6.5
Fighting       | |  1.1
Dodging        | |  2.1

Action                     |  1- 3 |  4- 6 |  7- 9 || total
---------------------------+-------+-------+-------++-------
  Melee: Unarmed           |    75 |   111 |    65 ||   251
         Punch             |     4 |     3 |     4 ||    11
    Use: Scroll            |     1 |     2 |       ||     3
   Stab: Held in net/web   |       |       |     1 ||     1
 Armour: Animal skin       |    34 |    52 |    25 ||   111
  Dodge: Dodged            |    53 |    48 |    28 ||   129

Table legend: (Time is in decaauts)
 A = Elapsed time spent in this place.
 B = Non-inter-level travel time spent in this place.
 C = Inter-level travel time spent in this place.
 D = Time resting spent in this place.
 E = Time spent auto-exploring this place.
 F = Levels seen in this place.
 G = Mean time per level.
                   A        B        C        D        E       F      G
               +--------+--------+--------+--------+--------+-----+--------+
         Total |   1863 |   1682 |    181 |      0 |   1166 |   5 |  372.6 |
       Dungeon |   1863 |   1682 |    181 |      0 |   1166 |   5 |  372.6 |
               +--------+--------+--------+--------+--------+-----+--------+

Top non-repeatable levels by time:
     D:1: 531 daAuts
     D:4: 524 daAuts
     D:2: 400 daAuts
     D:3: 349 daAuts
     D:5: 57 daAuts
